 Dungeon Crawl Stone Soup version 0.30-a0-728-gc68057be0a (webtiles) character file.

Game seed: 3946385040411282084

1271 bpung the Trooper (level 8, -3/52 HPs)
             Began as a Gargoyle Fighter on Jan 31, 2023.
             Slain by an ogre
             ... wielding a +0 giant club
              (25 damage)
             ... on level 6 of the Dungeon.
             The game lasted 00:06:56 (3465 turns).

bpung the Trooper (Gargoyle Fighter)                Turns: 3465, Time: 00:06:57

Health: -3/52      AC: 17    Str: 22      XL:     8   Next: 53%
Magic:  8/8        EV:  8    Int:  9      God:
Gold:   233        SH: 13    Dex: 14 (15) Spells: 7/7 levels left

rFire   . . .      SeeInvis .    a - +0 flail (vamp)
rCold   x . .      Faith    .    g - +3 kite shield of Daisies {Harm rC- Regen+ Dex+6}
rNeg    + . .      Spirit   .    b - +0 scale mail
rPois   ∞          Reflect  .    (no helmet)
rElec   +          Harm     +    (no cloak)
rCorr   .          Rampage  .    (no gloves)
Will    .....                    (no boots) Stlth
                                 (no amulet)
HPRegen 1.08/turn                o - +4 ring of protection
MPRegen 0.11/turn                (no ring)

@: no status effects
A: sickness immunity, AC +5, negative energy resistance 1, electricity
resistance, torment resistance 1, petrification resistance
a: no special abilities


You were on level 6 of the Dungeon.
You visited 1 branch of the dungeon, and saw 6 of its levels.

You collected 233 gold pieces.

Inventory:

Hand Weapons
 a - a +0 vampiric flail (weapon)
Missiles
 m - 2 datura-tipped darts (quivered)
Armour
 b - a +0 scale mail (worn)
 c - a +0 buckler
 g - the +3 kite shield of Daisies (worn) {Harm rC- Regen+ Dex+6}
   (You acquired it on level 4 of the Dungeon)

   Dex:       It affects your dexterity (+6).
   rC:        It makes you vulnerable to cold.
   Regen:     It increases your rate of health regeneration.
   Harm:      It increases damage dealt and taken.
Jewellery
 e - a ring of resist corrosion
 o - a +4 ring of protection (left hand)
Wands
 h - a wand of iceblast (14)
Scrolls
 f - 2 scrolls of teleportation
 k - a scroll of torment {unknown}
Potions
 d - a potion of might
 i - 2 potions of haste
 j - a potion of magic
 l - a potion of heal wounds
 n - a potion of resistance


   Skills:
 + Level 6.4 Fighting
 + Level 5.3 Maces & Flails
 + Level 6.3 Armour
 + Level 6.4 Shields


You had 7 spell levels left.
You didn't know any spells.
Your spell library contained the following spells:

 Spells                   Type           Power      Damage    Failure   Level
 Sting                    Tmut/Pois      0%         1d3       95%         1
 Poisonous Vapours        Pois/Air       0%         N/A       98%         2
 Ignite Poison            Fire/Tmut/Pois 0%         N/A       100%        3
 Kindle Blastsparks       Fire/Tloc/Air  0%         2d10      100%        3
 Olgreb's Toxic Radiance  Pois           0%         N/A       100%        4
 Freezing Cloud           Conj/Ice/Air   0%         6-21      100%        5


Dungeon Overview and Level Annotations

Branches:
Dungeon (6/15)
 Temple: D:4-7

Altars:
Dithmenos


Innate Abilities, Weirdness & Mutations

You are immune to sickness and miasma.
Your stone body is resilient. (AC +5)
You are immune to poison.
You resist negative energy. (rN+)
You are resistant to electric shocks. (rElec)
You are resistant to unholy torment.
You are immune to petrification.


Message History

The centaur kicks you but does no damage.
You hit the centaur but do no damage.
The centaur is lightly wounded.
The centaur hits you but does no damage.
The centaur barely misses you. You block the centaur's attack.
The centaur kicks you but does no damage.
You sock the centaur!
The centaur is heavily wounded.
The centaur closely misses you. You block the centaur's attack.
You hit the centaur.
The centaur is severely wounded.
You block the centaur's attack. x2; The centaur closely misses you.
The centaur kicks you but does no damage.
You sock the centaur!
You kill the centaur!
The ice beast completely misses you.
You hit the ice beast.
The ice beast is moderately wounded.
The ice beast hits you but does no damage.
You barely miss the ice beast.
The ice beast is moderately wounded.
The ice beast hits you but does no damage.
You sock the ice beast!
The ice beast is severely wounded.
The ice beast barely misses you.
The ice beast hits you but does no damage.
You thump the ice beast!
You kill the ice beast!
You feel your intelligence returning.
You sock the ogre!
The ogre is heavily wounded.
The ogre hits you with a +0 giant club!
You hit the ogre.
You feel better.
The ogre is heavily wounded.
The ogre hits you with a +0 giant club!!
You sock the ogre!
The ogre is almost dead.
A black bear comes into view.
The ogre hits you with a +0 giant club!!
You die...

..### ....# ....
... .. $ .## #.
....#####.## #..
..)...O@...####...#
h...#####..........
. # ##..##..## ..#
##....## ....#
##....#
#.....##..##.<#
#.....<.## #.#
##.#....# )..
#..###... ...


You could see a black bear (wandering) and an ogre.

Vanquished Creatures
  Duvessa (D:5)
  2 black bears
  2 ice beasts
  A centaur (D:6)
  A phantom (D:5)
  A bullfrog (D:6)
  A necrophage (D:4)
  Dowan (D:5)
  A hound (D:5)
  2 jellies (D:4)
  A gnoll bouda (D:5)
  2 iguanas (D:4)
  4 orc wizards
  9 adders
  3 gnolls (D:5)
  14 orcs
  6 ball pythons
  8 endoplasms
  4 giant cockroaches
  12 goblins
  7 hobgoblins
  2 kobolds
  5 quokkas
  4 bats
  2 frilled lizards (D:2)
  A rat (D:2)
97 creatures vanquished.

Notes
Turn   | Place    | Note
-------+----------+-------------------------------------------
     0 | D:1      | bpung the Gargoyle Fighter began the quest for the Orb.
     0 | D:1      | Reached XP level 1. HP: 14/14 MP: 1/1
   131 | D:1      | Reached XP level 2. HP: 18/19 MP: 2/2
   157 | D:1      | You fall into a shaft and drop 1 floor!
   190 | D:2      | Reached XP level 3. HP: 20/24 MP: 3/3
   459 | D:2      | Reached XP level 4. HP: 23/29 MP: 4/4
   504 | D:2      | Found a shadowy altar of Dithmenos.
  1600 | D:3      | Reached XP level 5. HP: 33/33 MP: 5/5
  1754 | D:4      | Noticed a black bear
  1765 | D:4      | Killed a black bear
  1766 | D:4      | Reached XP level 6. HP: 33/39 MP: 6/6
  2143 | D:4      | Reached skill level 5 in Fighting
  2153 | D:4      | Reached skill level 5 in Shields
  2319 | D:4      | Reached skill level 5 in Armour
  2327 | D:4      | Reached XP level 7. HP: 11/44 MP: 7/7
  2448 | D:4      | Identified a scroll of acquirement
  2448 | D:4      | Acquired the +3 kite shield of Daisies {Harm rC- Regen+
                  | Dex+6}
  2669 | D:5      | Entered Level 5 of the Dungeon
  2718 | D:5      | Noticed Dowan
  2719 | D:5      | Noticed Duvessa
  2735 | D:5      | Killed Duvessa
  2766 | D:5      | Killed Dowan
  3162 | D:5      | Reached XP level 8. HP: 51/51 MP: 8/8
  3378 | D:5      | Reached skill level 5 in Maces & Flails
  3465 | D:6      | Slain by an ogre

Illustrated notes

Levels and vault maps discovered:
D:1:      dpeg_arrival_three_same_balls, layout_basic,
          ebering_ecumenical_altar_mist, st_stairs_4, minmay_pentomino_r4
D:2:      layout_basic, basic_altar
D:3:      layout_loops_ring
D:4:      layout_loops_ring
D:5:      layout_rooms, uniq_duvessa
D:6:      minmay_general_purpose_star, layout_rooms, vehumet_altar_wand_db,
          minmay_temple_entry_mini_moons, serial_shops, shop_scrolls,
          gup_sewer_entry_spiral, hangedman_glass_teeth, kennysheep_minor_cross

Skill      XL: |  1  2  3  4  5  6  7  8 |
---------------+-------------------------+-----
Shields        | 4 5 6 |  6.4
Fighting       | 4 5 6 |  6.4
Armour         | 4 5 6 |  6.3
Maces & Flails | 3 4 5 |  5.3

Action                     |  1- 3 |  4- 6 |  7- 9 || total
---------------------------+-------+-------+-------++-------
  Melee: Flail             |    75 |   240 |   137 ||   452
  Throw: Dart              |       |       |     2 ||     2
    Use: Scroll            |       |     5 |     5 ||    10
         Potion            |       |     3 |     5 ||     8
 Armour: Scale mail        |    35 |   145 |    66 ||   246
  Dodge: Dodged            |    36 |   128 |    56 ||   220
  Block: Buckler           |    18 |    69 |       ||    87
         Kite shield       |       |       |   104 ||   104

Table legend: (Time is in decaauts)
 A = Elapsed time spent in this place.
 B = Non-inter-level travel time spent in this place.
 C = Inter-level travel time spent in this place.
 D = Time resting spent in this place.
 E = Time spent auto-exploring this place.
 F = Levels seen in this place.
 G = Mean time per level.
                   A        B        C        D        E       F      G
               +--------+--------+--------+--------+--------+-----+--------+
         Total |   3578 |   3504 |     74 |    257 |   2140 |   6 |  596.3 |
       Dungeon |   3578 |   3504 |     74 |    257 |   2140 |   6 |  596.3 |
               +--------+--------+--------+--------+--------+-----+--------+

Top non-repeatable levels by time:
     D:4: 1008 daAuts
     D:2: 847 daAuts
     D:5: 807 daAuts
     D:3: 720 daAuts
     D:1: 162 daAuts
     D:6: 32 daAuts
